 Dungeon Crawl Stone Soup version 0.28.0-53-g5a82cb258f (webtiles) character file.

Game seed: 6737368310326861808

7 cbfl8 the Sneak (level 2, -3/27 HPs)
             Began as a Hill Orc Delver on July 17, 2022.
             Was an Initiate of Beogh.
             Slain by a bullfrog skeleton (4 damage)
             ... on level 3 of the Dungeon.
             The game lasted 00:01:32 (612 turns).

cbfl8 the Sneak (Hill Orc Delver)                    Turns: 612, Time: 00:01:32

Health: -3/27      AC:  3    Str: 14    XL:     2   Next: 0%
Magic:  2/2        EV: 11    Int: 10    God:    Beogh [......]
Gold:   12         SH:  0    Dex: 12    Spells: 1/1 levels left

rFire   . . .      SeeInvis .   a - +0 hand axe
rCold   . . .      Faith    .   (no shield)
rNeg    . . .      Spirit   .   b - +0 leather armour
rPois   .          Reflect  .   (no helmet)
rElec   .          Harm     .   (no cloak)
rCorr   .          Rampage  .   (no gloves)
Will    .....                   (no boots)
Stlth   ++........              (no amulet)
HPRegen 0.09/turn               (no ring)
MPRegen 0.08/turn               (no ring)

@: no status effects
A: no striking features
a: Renounce Religion


You were on level 3 of the Dungeon.
You worshipped Beogh.
Beogh was noncommittal.
You visited 1 branch of the dungeon, and saw 3 of its levels.

You collected 12 gold pieces.

Inventory:

Hand Weapons
 a - a +0 hand axe (weapon)
Armour
 b - a +0 leather armour (worn)
Wands
 g - a wand of digging (3)
Scrolls
 c - a scroll of fog
 e - a scroll of fear


   Skills:
 + Level 3.8 Fighting
 + Level 2.7 Axes
 + Level 0.1 Armour
 + Level 1.5 Dodging
 + Level 4.2 Stealth


You had one spell level left.
You didn't know any spells.
Your spell library was empty.

Dungeon Overview and Level Annotations

Branches:
Dungeon (5/15)
 Temple: D:4-7

Altars:
Fedhas

Shops:
D:4 !

Annotations:
D:4 Edmund


Message History

You kill the bat!
Beogh accepts your kill.
You have reached level 2!
You start resting.
Your extra speed is starting to run out.
You start resting.
You feel yourself slow down.
A bullfrog skeleton comes into view.
The bullfrog skeleton closely misses you.
You hit the bullfrog skeleton.
The bullfrog skeleton is lightly damaged.
The bullfrog skeleton hits you.
You hit the bullfrog skeleton.
The bullfrog skeleton is moderately damaged.
The bullfrog skeleton hits you. x2
You hit the bullfrog skeleton.
The bullfrog skeleton is moderately damaged.
The bullfrog skeleton hits you but does no damage.
You barely miss the bullfrog skeleton.
The bullfrog skeleton is moderately damaged.
The bullfrog skeleton hits you. The bullfrog skeleton misses you.
You hit the bullfrog skeleton.
The bullfrog skeleton is heavily damaged.
The bullfrog skeleton hits you.
* * * LOW HITPOINT WARNING * * *
You hit the bullfrog skeleton.
The bullfrog skeleton is heavily damaged.
The bullfrog skeleton hits you.
* * * LOW HITPOINT WARNING * * *
The bullfrog skeleton closely misses you.
You hit the bullfrog skeleton.
The bullfrog skeleton is severely damaged.
The bullfrog skeleton hits you.
* * * LOW HITPOINT WARNING * * *
You hit the bullfrog skeleton.
The bullfrog skeleton is almost destroyed.
The bullfrog skeleton hits you.
* * * LOW HITPOINT WARNING * * *
The bullfrog skeleton hits you.
You die...

##....######..
##...#.....Z...
#.......#####..
##...##.# ##.#
#.# ## #.# #.#
###Z# #..@#
#.### #.#
#.####...
#......#
#>####... #.#
#.. #.##


You could see a bullfrog skeleton.

Vanquished Creatures
  An ufetubus (D:5)
  A bat (D:3)
2 creatures vanquished.

Vanquished Creatures (others)
  An orc (D:5)
1 creature vanquished.

Grand Total: 3 creatures vanquished

Notes
Turn   | Place    | Note
-------+----------+-------------------------------------------
     0 | D:5      | cbfl8 the Hill Orc Delver began the quest for the Orb.
     0 | D:5      | Reached XP level 1. HP: 19/19 MP: 1/1
    45 | D:5      | Found a blossoming altar of Fedhas.
   429 | D:5      | Noticed an orc wizard
   431 | D:5      | Noticed an orc priest
   433 | D:5      | Became a worshipper of Beogh the Brigand
   526 | D:4      | Found Zaeczeor's Distillery.
   530 | D:4      | Noticed Edmund
   542 | D:4      | Noticed a hound
   567 | D:3      | Reached XP level 2. HP: 23/27 MP: 2/2
   612 | D:3      | HP: 1/27 [bullfrog skeleton (2)]
   612 | D:3      | Slain by a bullfrog skeleton

Illustrated notes

Levels and vault maps discovered:
D:3:      layout_loops_cross, uniq_ijyb
D:4:      layout_basic, serial_shops, shop, grunt_decor_mini_mirrors,
          minivault_11, uniq_edmund
D:5:      layout_basic, mainiacjoe_overflow_24_doors, kennysheep_another_room

Action                   || total
-------------------------++-------
Melee: Hand axe          ||    22
Invok: Convert to Beogh  ||     1
  Use: Scroll            ||     1
       Potion            ||     1
Armor: Leather armour    ||     6
Dodge: Dodged            ||    25
